Map: Crête de Lerilak

Players

zidar

  • Race: Zerg Zerg
  • League: Silver
  • Spawn Location: 5:00

MaxManus - Winner!

  • Race: Zerg Zerg
  • League: Bronze
  • Spawn Location: 1:00

VOD

Have the link to the VOD?

Description

Time

  • Played on: Jan. 3, 2016, 11:17 a.m.
  • Length: 9:45
Show
View Real Time Build Order
Export as new Build Order

zidar Zerg 

Build Orders: Hatch First 

Get SALT Encoding   

  12  0:01  Drone  
  13  0:12  Overlord  
  13  0:17  Drone  
  14  0:30  Drone x2  
  16  0:41  Drone  
  17  0:55  Hatchery  
  16  0:57  Drone  
  17  1:13  Spawning Pool  
  17  1:15  Drone  
  17  1:19  Extractor  
  17  1:20  Drone  
  17  1:31  Drone  
  18  1:33  Overlord  
  18  1:44  Drone  
  19  2:15  Zergling x6  
  22  2:20  Queen  
  22  2:22  Queen  
  26  2:30  Overlord  
  26  2:32  Zergling x2  
  26  2:33  Zergling x4  
  29  2:59  Roach Warren  
  29  3:01  Zergling x2  
  29  3:02  Zergling x8  
  33  3:20  Metabolic Boost  
  33  3:39  Extractor  
  33  3:40  Roach x2  
  36  3:44  Overlord x2  
  34  4:07  Drone x5  
  39  4:26  Roach x3  
  45  4:37  Drone  
  45  4:38  Drone x2  
  48  4:54  Roach  
  48  4:58  Overlord  
  48  4:59  Overlord  
  50  5:12  Evolution Chamber  
  49  5:22  Ravager x2  
  49  5:23  Ravager x2  
  49  5:24  Ravager  
  54  5:31  Roach  
  54  5:32  Roach x3  
  62  5:40  Drone  
  62  5:41  Drone  
  64  5:43  Drone  
  64  5:47  Roach  
  67  5:58  Zerg Missile Weapons Level 1  
  67  6:06  Drone  
  67  6:08  Overlord x2  
  67  6:31  Roach  
  67  6:32  Roach x5  
  79  6:56  Roach x2  
  44  7:55  Ravager  
  43  8:02  Zergling x10  
  43  8:03  Zergling x16  
  45  8:13  Spore Crawler  
  45  8:16  Spore Crawler  
  43  8:24  Zergling x2  
  43  8:25  Zergling x2  
  24  8:59  Hatchery  
  12  9:03  Hatchery  
  12  9:09  Zergling x2  
  12  9:10  Zergling x6  
Show
View Real Time Build Order
Export as new Build Order

MaxManus Zerg - Winner!

Build Orders: Pool First 

Get SALT Encoding   

  12  0:02  Drone  
  13  0:11  Drone  
  14  0:27  Spawning Pool  
  13  0:30  Drone  
  14  0:38  Overlord  
  14  0:45  Extractor  
  14  0:46  Drone  
  14  1:00  Drone x2  
  16  1:09  Drone  
  17  1:17  Zergling x2  
  18  1:18  Queen  
  20  1:34  Drone  
  21  1:58  Spine Crawler  
  21  2:01  Zergling x4  
  21  2:06  Overlord  
  22  2:13  Metabolic Boost  
  22  2:29  Zergling x4  
  21  2:53  Spine Crawler  
  21  2:56  Zergling x8  
  24  3:04  Roach Warren  
  23  3:09  Lair  
  23  3:18  Evolution Chamber  
  22  3:24  Drone x2  
  22  3:25  Drone  
  25  3:27  Extractor  
  24  3:42  Drone x4  
  26  4:03  Spine Crawler  
  25  4:14  Spine Crawler  
  24  4:24  Spire  
  23  4:25  Overlord x2  
  23  4:28  Roach  
  25  4:37  Drone x3  
  28  4:51  Overseer  
  28  5:11  Drone  
  28  5:12  Drone  
  30  5:36  Mutalisk x3  
  30  5:39  Mutalisk  
  38  5:47  Mutalisk  
  40  5:58  Hatchery  
  40  6:04  Mutalisk  
  41  6:19  Overlord x2  
  41  6:33  Mutalisk  
  43  6:43  Zerg Flyer Weapons Level 1  
  43  7:01  Overlord  
  43  7:20  Mutalisk x2  
  39  7:37  Mutalisk  
  32  7:56  Drone x3  
  35  8:58  Spine Crawler  
  30  9:02  Drone  
  30  9:03  Drone x2  
  30  9:06  Extractor  
  30  9:39  Spawning Pool  
Tags
 
Add a new tag
Caveats
  • Supply blocks, unpowered buildings, or Contaminate may cause inaccurate times.
  • Supply counts are checked every 10 seconds.